Max31, chaotic male elven Ranger ------ .....---- .....|. ...... |.....* -...... --- ....... |G. -......- |^- |.......-- ----.| --........ |....| -..?.......------....| -...............|-- ---........---GG|.-- |........| |@)..G----- -- ---....--- |....h...........- |..--- |....------ | --- |....| --.--- --- Max31 the Tenderfoot Experience level: 1 Strength: 18 Dexterity: 10 Constitution: 13 Intelligence: 13 Wisdom: 14 Charisma: 7 Health: 0(13) Energy: 4(4) Def: 4 Gold: 327 Moves: 1747 Dungeon seed: r8plWA8yEKgAGiFy Game ID: Max31_1631470938 Your Inventory: Amulets H - an uncursed amulet versus poison (being worn) Weapons d - an uncursed +1 elven dagger (weapon in hand) e - an uncursed +1 elven bow (alternate weapon; not wielded) q - a blessed +1 dagger u - an uncursed +0 elven dagger B - 3 blessed +0 daggers C - 9 blessed +0 arrows D - 2 uncursed +0 arrows F - a blessed +1 arrow G - 13 uncursed +1 arrows of frost I - a blessed +2 dagger J - 3 uncursed +0 daggers P - 56 uncursed +2 elven arrows Q - 35 uncursed +0 elven arrows (in quiver) Armor b - an uncursed +2 elven cloak (being worn) r - an uncursed +0 pair of iron shoes z - an uncursed +0 pair of speed boots (being worn) Comestibles f - 5 uncursed lembas wafers j - 2 uncursed food rations Scrolls l - an uncursed scroll of charging m - an uncursed scroll of remove curse n - a cursed scroll of magic mapping o - an uncursed scroll of summoning p - an uncursed scroll of teleportation Potions h - an uncursed potion of levitation i - an uncursed potion of object detection t - an uncursed potion of speed v - an uncursed potion of sleeping Tools k - an uncursed lock pick A - an uncursed +0 pick-axe E - an uncursed wax candle (0:400) Gems y - an uncursed worthless piece of green glass N - an uncursed worthless piece of black glass Coins $ - 327 gold pieces Spells and supernatural/magical abilities: Name Level Category Cost Memory W - pray for help -- divine ? -- Your skills at the end: Fighting Skills wands [Basic] Weapon Skills dagger [Basic] bow [Basic] Spellcasting Skills Final Attributes: You were devoutly aligned. You were immune to sleep. You were immune to poison. You saw invisible. You had automatic searching. You had infravision. You were stealthy. You were very fast. Mars was noncommittal. You are dead. Vanquished creatures: a gnome lord a gnomish wizard 2 dwarves 2 coyotes 2 hobbits 2 giant rats a brown mold a yellow mold a red mold 7 gnomes 2 geckos a jackal a fox a grid bug 2 lichens 3 newts 30 creatures vanquished. Voluntary challenges: You followed a strict vegan diet. You used a wielded weapon 1 time, starting on turn 343. You read items or engraved 3 times, starting on turn 849. You never genocided any monsters. You never polymorphed an object. You never changed form. You used no wishes. You never split a pudding. You wrote Elbereth's name 1 time, starting on turn 1719. You never violated your personal moral code. Dungeon overview: The Dungeons of Doom: levels 1 to 4 Level 1 a long staircase Level 2 a fountain Level 3 a general store, an altar to Venus, a vault Level 4 a fountain stairs to The Gnomish Mines The Gnomish Mines: levels 5 to 6 Level 5 stairs to The Dungeons of Doom Level 6 <- You were here History has recorded: On T:1 you entered the Dungeons of Doom to retrieve the Amulet of Yendor! On T:292 you reached level 2 of The Dungeons of Doom. On T:606 you reached level 3 of The Dungeons of Doom. On T:742 you reached level 4 of The Dungeons of Doom. On T:1218 you reached level 1 of The Gnomish Mines. Score breakdown: Gold: 327 ( 8558 points) Experience: 1 level ( 0 points) Exploration: 6 levels ( 11.76%) ( 9486 points) Discoveries: 8 items ( 2.71%) ( 4940 points) Valuables value: (no points given unless you survive) Artifact value: 0 ( 0 points) Variety of kills: 16 monsters ( 4.21%) ( 6155 points) Turncount: 1747 turns ( 0 points) Survival: died (score multiplied by 80%) Total score: 23311 Latest messages: You start equipping your pair of speed boots. The gnome queen throws a dagger! The dagger hits the gnome. You stop changing your equipment. The gnome turns to flee! The gnome throws a dagger! The dagger hits the gnome. The gnome picks up a dagger from the floor. You continue equipping your pair of speed boots. You take off your pair of hard shoes. The gnome picks up a dagger from the floor. The gnome throws a dagger! You stop changing your equipment. You are hit by a dagger. [2 turns] You continue equipping your pair of speed boots. The gnome wields a dagger! The gnome turns to flee! You feel yourself speed up. You are now wearing a pair of speed boots. The gnome queen throws a dagger! You are hit by a dagger. You die... Final status: Goodbye Max31 the Ranger, killed by a dagger... You died in The Gnomish Mines on dungeon level 6 with 23311 points, and 327 pieces of gold, after 1747 moves. You were level 1 with a maximum of 13 hit points when you died.